 Dungeon Crawl Stone Soup version 0.25.0-10-g039870ee82 (webtiles) character file.

Game seed: 7220339258374816014

613 grindst0ne the Ducker (level 7, -1/53 HPs)
             Began as a Merfolk Fire Elementalist on June 22, 2020.
             Was a Follower of Vehumet.
             Killed by divine providence
             ... invoked by an orc priest
              (17 damage)
             ... on level 4 of the Dungeon.
             The game lasted 00:19:23 (5402 turns).

grindst0ne the Ducker (Merfolk Fire Elementalist)   Turns: 5402, Time: 00:19:24

Health: -1/53      AC:  4    Str:  8    XL:     7   Next: 44%
Magic:  3/10       EV: 15    Int: 16    God:    Vehumet [*.....]
Gold:   199        SH:  0    Dex: 15    Spells: 8/10 levels left

rFire    . . .     SeeInvis .   l - +0 trident
rCold    . . .     Gourm    .   (no shield)
rNeg     . . .     Faith    +   a - +0 robe
rPois    .         Spirit   .   k - +0 helmet
rElec    .         Reflect  .   g - +0 cloak
rCorr    .         Harm     .   (no gloves)
MR       .....                  (no boots)
Stlth    ++........             e - amulet of faith
HPRegen  0.17/turn              (no ring)
MPRegen  0.12/turn              (no ring)

@: lethally poisoned (-1 -> -7)
A: change form in water, swift swim, stealthy swim
a: Renounce Religion


You were on level 4 of the Dungeon.
You worshipped Vehumet.
Vehumet was aware of your devotion.
You were near starving.

You visited 1 branch of the dungeon, and saw 4 of its levels.

You collected 199 gold pieces.

Inventory:

Hand Weapons
 l - a +0 trident (weapon)
Missiles
 m - 176 stones (quivered)
Armour
 a - a +0 robe (worn)
 g - a +0 cloak (worn)
 k - a +0 helmet (worn)
Jewellery
 e - an amulet of faith (around neck)
Scrolls
 b - a scroll of identify
 h - a scroll of teleportation
 i - a scroll of random uselessness {unknown}
 j - a scroll of remove curse
Potions
 d - a potion of stabbing
 f - a potion of lignification {unknown}
 n - 2 potions of cancellation
 p - a potion of degeneration {unknown}
Comestibles
 c - 5 rations


   Skills:
 + Level 3.7 Fighting
 + Level 3.1 Polearms
 + Level 5.5 Dodging
 - Level 2.1 Stealth
 - Level 2.0 Spellcasting
 - Level 3.0 Conjurations
 - Level 3.5 Fire Magic
 + Level 0.0 Earth Magic


You had 8 spell levels left.
You knew the following spells:

 Your Spells              Type           Power        Failure   Level  Hunger
a - Foxfire               Conj/Fire      ##..         5%          1    #......
b - Sandblast             Erth           #.....       21%         1    #......

Your spell library contained the following spells:

 Spells                   Type           Power        Failure   Level  Hunger
 Conjure Flame            Conj/Fire      ##......     16%         3    ###....
 Inner Flame              Hex/Fire       #.......     30%         3    ###....
 Sticky Flame             Conj/Fire      ##......     47%         4    #####..
 Fireball                 Conj/Fire      ##........   83%         5    ######.


Dungeon Overview and Level Annotations

Branches:
Dungeon (4/15)
 Temple: D:4-7

Altars:
Ashenzari
Ru
Vehumet

Shops:
D:4 =


Message History

Press: ? - help, Shift-Dir - straight line, f - orc priest
Aim: an orc priest, wielding a +0 flail (heavily wounded)
The blast of sand hits the orc priest.
The orc priest is severely wounded.
m - 177 stones The worker ant bites you.
You are poisoned.
The worker ant poisons you! The orc priest misses you.
Casting: Sandblast (safe; 21% risk of failure)
Confirm with . or Enter, or press ? or * to list all spells.
Aiming: Sandblast (safe; 21% risk of failure)
Press: ? - help, Shift-Dir - straight line, f/p - orc priest
Aim: an orc priest, wielding a +0 flail (severely wounded)
The blast of sand hits the orc priest.
The orc priest is almost dead.
m - 176 stones You feel sick.
The worker ant misses you.
The phantom blinks!
The orc priest calls down the wrath of Beogh upon you.
Beogh smites you!
You die...

.........#####.#.#..##.####.#
.######..#..........##.#
#..#.###.....###.#
#####..#.###.....###.#
#............#.#.....#
#.###.########.####### #.#
#.# #.# .##.###.# ##+##
........# ##.@.## ###.#####
##..ao.## #.##.## ##...)...##
###.....####....ยง....#
...........'.........+
##.......###.....)...#
##.###.#.# ##.......## #.##
##..# ##.....## #.# #..#
##...##


You could see a worker ant and an orc priest.

Vanquished Creatures
  A sky beast (D:4)
  An ogre (D:4)
  A scorpion (D:4)
  A water moccasin skeleton (D:4)
  A hound (D:4)
  An orc priest (D:3)
  2 iguanas
  3 orc wizards
  3 adders
  An ooze (D:1)
  2 worms
  4 dart slugs
  2 leopard geckos
  13 orcs
  10 bats
  4 giant cockroaches
  6 goblins
  14 hobgoblins
  3 jackals (D:2)
  3 kobolds (D:1)
  2 ball pythons
  4 frilled lizards
  A leopard gecko skeleton (D:4)
  13 rats
96 creatures vanquished.

Vanquished Creatures (others)
  328 foxfires
328 creatures vanquished.

Grand Total: 424 creatures vanquished

Notes
Turn   | Place    | Note
-------+----------+-------------------------------------------
     0 | D:1      | grindst0ne the Merfolk Fire Elementalist began the quest
                  | for the Orb.
     0 | D:1      | Reached XP level 1. HP: 13/13 MP: 3/3
   128 | D:1      | Reached skill level 1 in Conjurations
   180 | D:1      | Reached skill level 3 in Dodging
   180 | D:1      | Reached XP level 2. HP: 20/20 MP: 3/5
   348 | D:1      | Reached skill level 1 in Fighting
   568 | D:1      | Reached XP level 3. HP: 24/26 MP: 6/6
  1533 | D:2      | Found a sacrificial altar of Ru.
  1640 | D:2      | Found a shattered altar of Ashenzari.
  1775 | D:2      | Reached XP level 4. HP: 32/32 MP: 5/7
  1920 | D:2      | Noticed a phantom
  2822 | D:3      | Found a radiant altar of Vehumet.
  2852 | D:3      | Reached skill level 4 in Dodging
  3079 | D:3      | Reached XP level 5. HP: 27/39 MP: 4/8
  3132 | D:3      | Became a worshipper of Vehumet
  3930 | D:4      | Noticed a sky beast
  3976 | D:4      | Killed a sky beast
  3976 | D:4      | Reached skill level 1 in Polearms
  3976 | D:4      | Reached XP level 6. HP: 12/47 MP: 3/9
  4717 | D:4      | Reached skill level 5 in Dodging
  4742 | D:4      | Found Zaleol's Jewellery Shop.
  4773 | D:4      | Reached XP level 7. HP: 52/52 MP: 4/10
  4925 | D:4      | Reached * piety under Vehumet
  4925 | D:4      | Offered knowledge of Sandblast by Vehumet.
  4969 | D:4      | Learned a level 1 spell: Sandblast
  5398 | D:4      | HP: 2/53 [worker ant (3)]
  5402 | D:4      | Killed from afar by an orc priest

Illustrated notes

Levels and vault maps discovered:
D:1:      shiori_arrival_maze, layout_basic, feat_on_display
D:2:      layout_loops_cross, evilmike_ruin_ashenzari, first_ration,
          nicolae_ru_sacrificial_ziggurat
D:3:      layout_basic, vehumet_crystals, minmay_misc_feat_five, minmay_cupped
D:4:      layout_loops_corners, fedhas_altar_fruit_tree, kennysheep_mini,
          serial_shops, shop, uniq_eustachio

Skill      XL: |  1  2  3  4  5  6  7 |
---------------+----------------------+-----
Conjurations   | 1 2 3 |  3.0
Dodging        | 3 4 5 |  5.5
Fighting       | 1 2 3 |  3.7
Fire Magic     | 3 |  3.5
Polearms       | 1 2 3 |  3.1
Stealth        | |  2.1
Spellcasting   | |  2.0

Action                   |  1- 3 |  4- 6 |  7- 9 || total
-------------------------+-------+-------+-------++-------
Melee: Unarmed           |    22 |       |       ||    22
       Hand axe          |    35 |     3 |       ||    38
       Trident           |       |    43 |     3 ||    46
 Fire: Hunting sling     |       |    48 |       ||    48
Throw: Stone             |     2 |       |       ||     2
 Cast: Foxfire           |    48 |   126 |    33 ||   207
       Sandblast         |       |       |     2 ||     2
  Use: Potion            |       |     7 |     2 ||     9
       Scroll            |       |     4 |       ||     4
 Stab: Sleeping          |     5 |       |       ||     5
  Eat: Chunk             |     4 |     8 |     1 ||    13
       Ration            |       |     1 |       ||     1
Armor: Robe              |    35 |    34 |     1 ||    70
Dodge: Dodged            |    79 |   129 |    24 ||   232
